 Dungeon Crawl Stone Soup version 0.31.0-1-g2c135a0 (webtiles) character file.

Game seed: 2877191045411486608

13 wwoth the Ruffian (level 2, -6/29 HPs)
             Began as a Troll Berserker on Feb 14, 2024.
             Was a Follower of Trog.
             Mangled by an iguana (8 damage)
             ... on level 2 of the Dungeon on Feb 18, 2024.
             The game lasted 00:05:33 (769 turns).

wwoth the Ruffian (Troll Berserker)                  Turns: 769, Time: 00:05:35

Health: -6/29      AC:  4    Str: 24    XL:     2   Next: 24%
Magic:  1/1        EV: 10    Int:  3    God:    Trog [*.....]
Gold:   35         SH:  0    Dex:  9    Spells: 1/1 levels left

rFire   . .          .
                       - Unarmed
rCold   . . .        (no shield)
rNeg    . . .        a - +0 animal skin
rPois   .            (helmet restricted)
rElec   .            (no cloak)
rCorr   .            (gloves unavailable)
SInv    .            (boots unavailable)
Will    .....        (no amulet)
Stlth   +            (no ring)
HPRegen 1.04/turn    (no ring)
MPRegen 0.07/turn

%: no passive effects
@: no status effects
A: large, unfitting armour, claws 3, regeneration 1, shaggy fur 1, tough skin 1
a: Renounce Religion, Berserk


You were on level 2 of the Dungeon.
You worshipped Trog.
Trog was aware of your devotion.
You visited 1 branch of the dungeon, and saw 2 of its levels.

You collected 35 gold pieces.

Inventory:

Missiles
 i - 5 stones (quivered)
Armour
 a - a +0 animal skin (worn)
 h - a scarf of invisibility
Jewellery
 k - an amulet of magic regeneration
Scrolls
 b - a scroll of vulnerability {unknown}
 c - a scroll of fog {unknown}
 d - a scroll of teleportation {unknown}
 f - a scroll of fear {unknown}
 g - a scroll of blinking {unknown}
 j - a scroll of immolation {unknown}
Potions
 e - a potion of mutation {unknown}


   Skills:
 + Level 2.6 Fighting
 + Level 2.5 Dodging
 + Level 3.3 Unarmed Combat


You had one spell level left.
You didn't know any spells.
Your spell library was empty.

Dungeon Overview and Level Annotations

Branches:
Dungeon (2/15)

Altars:


Innate Abilities, Weirdness & Mutations

You are too large for most types of armour.
You have claws for hands.
Your natural rate of healing is unusually fast.
You are covered in fur. (AC +1)
You have tough skin. (AC +1)


Message History

Found a scroll labelled QURIAL KYAF, 6 stones and 5 gold pieces.
There is a stone staircase leading up here.
There are monsters nearby!
The rat squeaks loudly.
The rat closely misses you. The rat bites you but does no damage.
You closely miss the rat. The rat bites you but does no damage.
You claw the rat!
You kill the rat!
Trog accepts your kill.
You closely miss the iguana. The endoplasm freezes you.
You are frozen.
The iguana bites you.
You barely miss the iguana. The endoplasm freezes you.
You are frozen.
The iguana bites you!
Found a scroll labelled GASHAI POSO.
You see here a scroll labelled QURIAL KYAF.
You claw the endoplasm!
You kill the endoplasm!
Trog accepts your kill.
Throw: 6 stones
Press: ? - help, Q - select action Shift-Dir - straight line, f - iguana
Aim: an iguana (54% to hit)
You throw a stone. The stone closely misses the iguana.
The iguana barely misses you.
You scratch the iguana but do no damage.
You barely miss the iguana. The iguana bites you.
You scratch the iguana but do no damage.
The iguana hisses menacingly.
The iguana bites you!
* * * LOW HITPOINT WARNING * * *
The iguana barely misses you.
You start putting on your armour.
You continue putting on your scarf of invisibility.
The iguana bites you.
* * * LOW HITPOINT WARNING * * *
You continue putting on your scarf of invisibility.
The iguana bites you!
You die...

#.. .###
#.#.......
#.#.......
#.#.......
#$#.......
#.#......
#.......?
#@l.#+#
.######..#.#
...........#
........<..#
#..........#
#..........#
#.........##
..........#
#.....(...#


You could see an iguana.

Vanquished Creatures
  A dart slug (D:1)
  A ball python (D:1)
  An endoplasm (D:2)
  A giant cockroach (D:1)
  A bat (D:1)
  3 goblins (D:1)
  4 rats
12 creatures vanquished.

Notes
Turn   | Place    | Note
-------+----------+-------------------------------------------
     0 | D:1      | wwoth the Troll Berserker began the quest for the Orb.
     0 | D:1      | Reached XP level 1. HP: 22/22 MP: 0/0
   333 | D:1      | Reached XP level 2. HP: 29/29 MP: 1/1
   766 | D:2      | HP: 1/29 [iguana (13)]
   769 | D:2      | Mangled by an iguana

Illustrated notes

Levels and vault maps discovered:
D:1:      nicolae_arrival_memento_mori, layout_loops_ring, serial_forest,
          infiniplex_forest_lined_room_2, infiniplex_forest_lined_room_,
          infiniplex_forest_corner_2, infiniplex_forest_diagonal
D:2:      layout_basic, lexackson_kobold_supper

Action                     || total
---------------------------++-------
  Melee: Unarmed           ||    28
  Throw: Stone             ||     1
 Armour: Animal skin       ||    14
  Dodge: Dodged            ||     7
